General information
- name: BNet
- type: Ladder team game (AT/RT)
- host: Battle.net
- saver: 418
map: Avalanche
- players: 4
- length: 13:16
- speed: Fast
- version: 1.26 W3XP
- replay type: Public
» download(72 KB)
Players
team 1 (loser)

»
418 (
purple | 80 APM | 1062 actions | 13:16)
2 Keeper of the Grove
1 Entangling Roots
1 Force of Nature
1 Pit Lord
1 Howl of Terror
» actions
| Assign group hotkey | 21 | |
| Basic commands | 12 | |
| Build / train | 40 | |
| ESC pressed | 2 | |
| Enter build submenu | 13 | |
| Enter hero's abilities submenu | 3 | |
| Right click | 628 | |
| Select / deselect | 222 | |
| Select group hotkey | 83 | |
| Use ability | 38 | |
1062 total
» units
| Wisp | 11 | |
| Huntress | 8 | |
| Dryad | 9 | |
| Archer | 1 | |
29 total
» upgrades
| Strength of the Wild | 1 | |
| Reinforced Hides | 1 | |
| Abolish Magic | 1 | |
3 total
» buildings
| Altar of Elders | 1 | |
| Moon Well | 4 | |
| Hunter's Hall | 1 | |
| Ancient of War | 2 | |
| Tree of Ages | 1 | |
| Ancient of Lore | 2 | |
| Ancient of Wonders | 1 | |
12 total
» build order
00:10 Altar of Elders
00:18 Moon Well
01:51 Hunter's Hall
01:54 Ancient of War
02:09 Ancient of War
02:29 Moon Well
02:54 Moon Well
05:14 Moon Well
05:33 Tree of Ages
08:03 Ancient of Lore
09:14 Ancient of Lore
11:58 Ancient of Wonders

»
BALLER4LIFE (
green | 70 APM | 921 actions | 13:14)
2 Blademaster
1 Wind Walk
1 Critical Strike
2 Shadow Hunter
1 Hex
1 Healing Wave
» actions
| Assign group hotkey | 18 | |
| Basic commands | 3 | |
| Build / train | 39 | |
| Enter build submenu | 9 | |
| Enter hero's abilities submenu | 4 | |
| Right click | 536 | |
| Select / deselect | 223 | |
| Select group hotkey | 33 | |
| Use ability | 56 | |
921 total
» units
| Peon | 7 | |
| Grunt | 6 | |
| Raider | 3 | |
| Spirit Walker | 4 | |
| Wind Rider | 2 | |
22 total
» upgrades
» buildings
| Altar of Storms | 1 | |
| Orc Burrow | 4 | |
| Barracks | 1 | |
| Voodoo Lounge | 1 | |
| Stronghold | 1 | |
| Beastiary | 1 | |
| Spirit Lodge | 1 | |
| Fortress | 1 | |
11 total
» build order
00:09 Altar of Storms
00:18 Orc Burrow
00:39 Barracks
01:34 Orc Burrow
02:06 Voodoo Lounge
02:52 Stronghold
05:11 Orc Burrow
05:19 Beastiary
05:22 Spirit Lodge
05:57 Orc Burrow
12:16 Fortress
» items
| Healing Salve | 3 | |
| Lesser Clarity Potion | 2 | |
| Scroll of Speed | 1 | |
| Scroll of Town Portal | 2 | |
8 total
team 2 (winner)
blowmeplease (
pink | 117 APM | 1555 actions | 13:16)
5 Death Knight
3 Death Coil
1 Unholy Aura
1 Death Pact
3 Lich
2 Frost Nova
1 Frost Armor
1 Dark Ranger
1 Silence
» actions
| Assign group hotkey | 48 | |
| Build / train | 51 | |
| Enter build submenu | 11 | |
| Enter hero's abilities submenu | 10 | |
| Give item / drop item | 5 | |
| Remove unit from queue | 1 | |
| Right click | 548 | |
| Select / deselect | 214 | |
| Select group hotkey | 585 | |
| Use ability | 82 | |
1555 total
» units
| Acolyte | 2 | |
| Ghoul | 1 | |
| Crypt Fiend | 13 | |
| Obsidian Statue | 3 | |
19 total
» upgrades
| Creature Attack | 2 | |
| Creature Carapace | 2 | |
| Burrow | 1 | |
| Web | 1 | |
| Destroyer Form | 1 | |
7 total
» buildings
| Graveyard | 1 | |
| Crypt | 1 | |
| Altar of Darkness | 1 | |
| Ziggurat | 6 | |
| Tomb of Relics | 1 | |
| Halls of the Dead | 1 | |
| Black Citadel | 1 | |
| Slaughterhouse | 1 | |
13 total
» build order
00:09 Graveyard
00:11 Crypt
00:14 Altar of Darkness
00:36 Ziggurat
01:06 Tomb of Relics
01:38 Ziggurat
03:48 Halls of the Dead
04:14 Ziggurat
05:21 Ziggurat
07:36 Black Citadel
08:16 Slaughterhouse
09:55 Ziggurat
11:26 Ziggurat
» items
| Rod of Necromancy | 3 | |
| Dust of Appearance | 1 | |
| Potion of Mana | 1 | |
| Potion of Healing | 1 | |
| Orb of Corruption | 1 | |
7 total
Travis) (
red | 56 APM | 740 actions | 13:16)
3 Priestess of the Moon
2 Trueshot Aura
1 Searing Arrows
» actions
| Assign group hotkey | 2 | |
| Basic commands | 102 | |
| Build / train | 39 | |
| Enter build submenu | 10 | |
| Enter hero's abilities submenu | 3 | |
| Remove unit from queue | 2 | |
| Right click | 233 | |
| Select / deselect | 231 | |
| Select group hotkey | 62 | |
| Use ability | 56 | |
740 total
» units
» upgrades
| Strength of the Moon | 1 | |
| Moon Armor | 1 | |
2 total
» buildings
| Altar of Elders | 1 | |
| Moon Well | 5 | |
| Hunter's Hall | 1 | |
| Ancient of War | 2 | |
9 total
» build order
00:23 Altar of Elders
00:37 Moon Well
01:45 Hunter's Hall
01:56 Ancient of War
02:13 Ancient of War
02:28 Moon Well
04:20 Moon Well
06:10 Moon Well
07:50 Moon Well
Chat log
(00:12 / Allies) BALLER4LIFE: they mh
(00:13 / Allies) 418: why was he rage whispering me
(00:24 / Allies) 418: just now before the game starts
(00:25 / All) Travis): get out
(00:29 / Allies) BALLER4LIFE: what do i go grunt
(00:29 / All) 418: theres no need to get upset
(00:30 / Allies) BALLER4LIFE: and what
(00:31 / All) Travis): this isnt 4v4
(00:40 / Allies) 418: go bm sh grunt raider walker
(00:46 / Allies) 418: OH
(00:48 / Allies) 418: dammit
(00:52 / Allies) 418: i was going to say tc potm but you already did that build
(00:56 / Allies) 418: oh well
(01:19 / Allies) BALLER4LIFE: they mh
(01:21 / Allies) 418: i know
(01:23 / Allies) BALLER4LIFE: so gonna have to outplay
(01:31 / Allies) 418: oh god dammit
(01:37 / Allies) 418: im retarded
(01:41 / Allies) 418: i just canceled hero for kotg
(01:44 / Allies) 418: dont want potm
(01:47 / Allies) 418: off to a good start
(01:55 / Allies) BALLER4LIFE: do i harsss or creep
(01:58 / Allies) 418: go harass the elf
(02:01 / Allies) 418: ill be there late
(02:07 / Allies) 418: since im stupid
(02:16 / Allies) 418: go for 2nd well
(02:34 / Allies) 418: my bad on the shitty late hero
(02:37 / Allies) 418: get his well
(02:40 / All) Travis): go for the moon well
(02:47 / Allies) 418: get the well
(03:11 / Allies) 418: massive lag
(03:16 / Allies) 418: other wisps
(03:46 / Allies) 418: heal up
(03:48 / Allies) 418: harass ud
(03:57 / Allies) 418: sorry about the late hero we couldve done a lot more
(04:05 / Allies) 418: top it off i got late hunts too
(04:12 / All) Travis): lol stop that green
(04:23 / Allies) 418: we need to harass ud
(04:43 / Allies) 418: follow me
(05:25 / Allies) 418: up
(05:46 / Allies) 418: follow
(05:57 / Allies) 418: ud base
(06:19 / Allies) 418: b up
(06:21 / Allies) 418: b
(06:21 / Allies) 418: b
(06:41 / Allies) 418: b
(06:41 / Allies) 418: b
(06:41 / Allies) 418: b
(07:23 / All) Travis): gg
(07:28 / All) 418: why are you so mad?
(07:48 / All) 418: theres no need to get upset
(07:56 / Allies) 418: fountain
(08:08 / All) Travis): lsx- will be upset that u lost
(08:13 / All) 418: i dont think he gives a shit
(08:21 / All) 418: you need to calm down
(08:22 / Allies) BALLER4LIFE: they mh brahhh
(08:25 / Allies) 418: i know
(08:30 / Allies) 418: i want him out
(08:46 / All) Travis): ur kotg
(08:48 / All) Travis): ur kotg!
(08:56 / All) Travis): lmao out
(08:57 / All) 418: you dont have to get so mad about it
(09:07 / All) 418: you ever seen the movie con air?
(09:15 / All) Travis): i own it
(09:19 / All) 418: you're like billy bedlam
(09:22 / All) 418: moments of levity cause you pain
(09:28 / All) 418: you dont have to get this mad about winning at a video game
(09:32 / Allies) 418: k ready to leave?
(09:49 / Allies) 418: wanna leave?
(09:54 / All) Travis): thx john malcovich
(09:58 / All) 418: well look at you
(09:59 / Allies) BALLER4LIFE: how did we loseeeeee
(10:05 / All) 418: on a scale of 1 to mel gibson, you're up there on teh mad scale
(10:14 / All) Travis): stop stealing references
(10:16 / All) Travis): and jokes
(10:19 / All) 418: its relevant
(10:24 / All) 418: and that is my own material
(10:27 / All) Travis): i dont give a shit whats relevant
(10:30 / All) 418: the fact that im quoting a movie is relevant to the point
(10:32 / All) Travis): we're not writing a scholary article
(10:35 / All) Travis): we're playing wc3
(10:35 / All) 418: look at how mad you are
(10:45 / All) 418: calm down
(10:51 / All) Travis): lol
(11:00 / Allies) 418: sorry i dropped the ball
(11:06 / All) Travis): yargh
(11:19 / Allies) 418: i wouldnt even bother with wyvs
(11:23 / Allies) 418: ready to die?
(11:48 / Allies) 418: oh i forgot a shop
(11:49 / Allies) 418: my bad
(11:51 / All) Travis): did u bring
(11:56 / All) Travis): dust?
(12:07 / Allies) 418: im stinking it up
(12:21 / Allies) 418: he thinks i care
(12:26 / Allies) 418: and i dont